 Dungeon Crawl Stone Soup version 0.29.1-1-gd02db6906a (webtiles) character file.

Game seed: 15367287687460554981

371 avis the Shooter (level 6, -11/51 HPs)
             Began as a Demigod Hunter on Sept 22, 2022.
             Mangled by an ogre
             ... wielding a +0 giant club
              (29 damage)
             ... on level 4 of the Dungeon.
             The game lasted 00:21:59 (4853 turns).

avis the Shooter (Demigod Hunter)                   Turns: 4853, Time: 00:22:00

Health: -11/51     AC:  5    Str: 11 (12) XL:     6   Next: 18%
Magic:  10/10      EV: 12    Int:  9 (11) God:
Gold:   333        SH:  0    Dex: 24 (25) Spells: 4/6 levels left

rFire   . . .      SeeInvis .   a - +4 dagger
rCold   . . .      Faith    .   (no shield)
rNeg    . . .      Spirit   .   c - +0 leather armour
rPois   .          Reflect  .   E - +0 helmet
rElec   .          Harm     .   (no cloak)
rCorr   .          Rampage  .   q - +0 pair of gloves
Will    .....                   (no boots)
Stlth   ++........              k - amulet of the acrobat
HPRegen 0.17/turn               (no ring)
MPRegen 0.12/turn               (no ring)

@: no status effects
A: high MP 1, forlorn, divine attributes
a: no special abilities


You were on level 4 of the Dungeon.
You visited 1 branch of the dungeon, and saw 4 of its levels.

You collected 333 gold pieces.

Inventory:

Hand Weapons
 a - a +4 dagger (weapon)
 b - a +0 shortbow
 o - a +0 antimagic short sword
 t - a +0 war axe of electrocution
 u - a +3 hand axe
 D - a +0 sling
Missiles
 B - 3 atropa-tipped darts
Armour
 c - a +0 leather armour (worn)
 q - a +0 pair of gloves (worn)
 w - an orb of guile
 E - a +0 helmet (worn)
Jewellery
 j - an amulet of reflection
 k - an amulet of the acrobat (around neck)
 l - an amulet of magic regeneration
 A - a +6 ring of intelligence
Scrolls
 d - 4 scrolls of acquirement {unknown}
 e - 2 scrolls of teleportation {unknown}
 g - 2 scrolls of immolation
 m - 5 scrolls of identify {unknown}
 n - 3 scrolls of blinking {unknown}
 v - a scroll of vulnerability {unknown}
 y - 2 scrolls of fog {unknown}
 z - a scroll of enchant armour {unknown}
 C - 2 scrolls of amnesia {unknown}
Potions
 f - 2 potions of heal wounds {unknown}
 h - 2 potions of brilliance
 i - 2 potions of degeneration
 p - a potion of magic {unknown}
 r - 2 potions of curing
 s - 2 potions of lignification {unknown}
 x - a potion of haste {unknown}


   Skills:
 - Level 3.0 Fighting
 * Level 6.3 Ranged Weapons
 - Level 2.0 Dodging
 - Level 0.8 Stealth
 + Level 0.9 Spellcasting
 - Level 1.0 Translocations


You had 4 spell levels left.
You knew the following spells:

 Your Spells              Type           Power      Damage    Failure   Level
a - Blink                 Tloc           4%         N/A       45%         2

Your spell library contained the following spells:

 Spells                   Type           Power      Damage    Failure   Level
 Magic Dart               Conj           0%         1d3       45%         1
 Call Imp                 Summ           0%         N/A       58%         2
 Mephitic Cloud           Conj/Pois/Air  0%         N/A       83%         3
 Ozocubu's Armour         Ice            0%         N/A       83%         3
 Manifold Assault         Tloc           2%         N/A       100%        5
 Ozocubu's Refrigeration  Ice            0%         4d7       100%        7
 Storm Form               Tmut/Air       0%         N/A       100%        7


Dungeon Overview and Level Annotations

Branches:
Dungeon (4/15)
 Temple: D:4-7

Annotations:
D:4 Edmund


Innate Abilities, Weirdness & Mutations

You have an increased reservoir of magic. (+10% MP)
You shall have no god before yourself.
Your divine heritage dramatically boosts your attributes as you level up.


Message History

Press: ? - help, Q - select action, (/) - cycle Shift-Dir - straight line, f - ogre
Aim: an ogre, wielding a +0 giant club (wandering, hasn't noticed you, 80% to hit)
You shoot an arrow. The ogre shouts!
The arrow hits the ogre.
The ogre is lightly wounded.
Fire: b) +0 shortbow
Press: ? - help, Q - select action, (/) - cycle Shift-Dir - straight line, f/p - ogre
Aim: an ogre, wielding a +0 giant club (lightly wounded, 80% to hit)
You shoot an arrow.
The arrow hits the ogre but does no damage.
The ogre is lightly wounded.
Fire: b) +0 shortbow
Press: ? - help, Q - select action, (/) - cycle Shift-Dir - straight line, f/p - ogre
Aim: an ogre, wielding a +0 giant club (lightly wounded, 80% to hit)
You shoot an arrow. The arrow hits the ogre!
The ogre is heavily wounded.
Fire: b) +0 shortbow
Press: ? - help, Q - select action, (/) - cycle Shift-Dir - straight line, f/p - ogre
Aim: an ogre, wielding a +0 giant club (heavily wounded, 80% to hit)
You shoot an arrow. The arrow completely misses the ogre.
Fire: b) +0 shortbow
Press: ? - help, Q - select action, (/) - cycle Shift-Dir - straight line, f/p - ogre
Aim: an ogre, wielding a +0 giant club (heavily wounded, 80% to hit)
You shoot an arrow. The arrow completely misses the ogre.
The ogre hits you with a +0 giant club!!
a - a +4 dagger (weapon)
You hit the ogre.
The ogre is heavily wounded.
The ogre hits you with a +0 giant club!
You hit the ogre.
The ogre is severely wounded.
The ogre misses you.
You hit the ogre.
The ogre is severely wounded.
You hit the ogre.
The ogre is almost dead.
The ogre hits you with a +0 giant club!!
Ouch! That really hurt!
You die...

...........)...............# #...
###.#...#..##..............# #...
.##.#...#..# ..............###...
.#....#....# ....................
.##........####......##..........
.###.####..#.........##..........
.#...................#####.......
.#.##...#.#..........### #.......
.#.####.#......O@......# #.......
.#....#.#..............# #.......
........#..............# #.......
......>.#....##........# ########
........#....##........#
#####.#.#....####......##########
#####.#.#........................
#................................
#.............)..................


You could see an ogre.

Vanquished Creatures
  A scorpion (D:3)
  A hound (D:3)
  An orc priest (D:3)
  2 orc wizards (D:4)
  Robin (D:4)
  5 adders
  3 worms
  2 dart slugs
  17 orcs
  4 bats
  10 endoplasms
  3 giant cockroaches
  19 goblins
  12 hobgoblins
  9 jackals
  6 kobolds
  2 quokkas (D:2)
  5 ball pythons
  5 frilled lizards
  6 rats
114 creatures vanquished.

Vanquished Creatures (others)
  A demonic plant (D:2)
  A plant (D:2)
2 creatures vanquished.

Grand Total: 116 creatures vanquished

Notes
Turn   | Place    | Note
-------+----------+-------------------------------------------
     0 | D:1      | avis the Demigod Hunter began the quest for the Orb.
     0 | D:1      | Reached XP level 1. HP: 17/17 MP: 3/3
   162 | D:1      | Reached skill level 4 in Ranged Weapons
   198 | D:1      | Reached XP level 2. HP: 24/24 MP: 4/4
  1006 | D:1      | Reached XP level 3. HP: 29/29 MP: 5/5
  1954 | D:2      | Reached XP level 4. HP: 37/37 MP: 6/6
  2131 | D:2      | Reached skill level 5 in Ranged Weapons
  3127 | D:3      | Reached XP level 5. HP: 26/44 MP: 7/7
  3363 | D:3      | Learned a level 2 spell: Blink
  3516 | D:4      | Noticed Edmund
  3740 | D:4      | Noticed Robin
  3754 | D:3      | Reached skill level 1 in Translocations
  3914 | D:3      | Reached skill level 6 in Ranged Weapons
  4105 | D:4      | Killed Robin
  4318 | D:4      | Noticed an ogre
  4481 | D:4      | Reached XP level 6. HP: 51/51 MP: 9/9
  4853 | D:4      | Mangled by an ogre

Illustrated notes

Levels and vault maps discovered:
D:1:      eino_arrival_water_star, layout_basic
D:2:      layout_basic, shapermc_ecumenical_altar_gd, basic_altar,
          dk_vineyard_2, guppyfry_early_orc_mine
D:3:      layout_basic, nicolae_uskayaw_dance_hall
D:4:      layout_basic, minmay_misc_feat_rows, nicolae_figureground_sparkle,
          uniq_edmund, uniq_robin

Skill      XL: |  1  2  3  4  5 |
---------------+----------------+-----
Fighting       | 2 3 |  3.0
Ranged Weapons | 4 5 6 |  6.3
Dodging        | 2 |  2.0
Translocations | 1 |  1.0
Stealth        | |  0.8
Spellcasting   | |  0.9

Action                   |  1- 3 |  4- 6 || total
-------------------------+-------+-------++-------
Melee: Short sword       |     7 |       ||     7
       Dagger            |       |    68 ||    68
       Punch             |       |     1 ||     1
 Fire: Shortbow          |   130 |   166 ||   296
 Cast: Blink             |       |     1 ||     1
  Use: Potion            |       |     3 ||     3
Armor: Leather armour    |    20 |    47 ||    67
Dodge: Dodged            |    39 |   146 ||   185
